cohdb
Replays
Latest Replays
All Replays
Popular Replays
Top Player Replays
Match Explorer
How It Works
Community
CoH3 Stats
Reddit
Sign in to upload your games and track your stats! →
Sign in with Steam
Match 40607911
Unlisted
Match 40607911
Overview
Messages
Build Orders
End
Construct Barracks
Engineer Squad
Riflemen Squad
Riflemen Squad
Riflemen Squad
Grenade Package
Riflemen Squad
Infantry Support Center
M1 Mortar Team
Construct Motor Pool
Selects Special Operations Battlegroup
Selects Special Operations Battlegroup
Selects M29 Weasel with M1 Pack Howitzer
Selects M29 Weasel with M1 Pack Howitzer
M29 Weasel with M1 Pack Howitzer
Selects Raiding Flares
Selects SSF Commando Squad
M8 Greyhound Armored Car
Engineer Squad
M1 Anti-tank Gun Team
M1 Anti-tank Gun Team
Construct Medical Station
SSF Commando Squad
M1 Anti-tank Gun Team
M1 Anti-tank Gun Team
Riflemen Squad
M1918 Browning Automatic Rifles
SSF Commando Squad
XuZhongwei
즈타
0
0
Comments
sign in to comment!
No comments posted yet!